 Dungeon Crawl Stone Soup version 0.29-a0-284-gf9362112df (webtiles) character file.

Game seed: 5870565844595099909

21 holysushi the Slasher (level 2, -2/24 HPs)
             Began as a Merfolk Monk on Mar 27, 2022.
             Slain by a gnoll
             ... wielding a +0 club
              (8 damage)
             ... on level 2 of the Dungeon.
             The game lasted 00:01:08 (1158 turns).

holysushi the Slasher (Merfolk Monk)                Turns: 1158, Time: 00:01:08

Health: -2/24      AC:  2    Str: 11    XL:     2   Next: 87%
Magic:  2/2        EV: 13    Int:  9    God:
Gold:   56         SH:  0    Dex: 16    Spells: 1/1 levels left

rFire   . . .      SeeInvis .   a - +0 falchion
rCold   . . .      Faith    .   (no shield)
rNeg    . . .      Spirit   .   b - +0 robe
rPois   .          Reflect  .   (no helmet)
rElec   .          Harm     .   (no cloak)
rCorr   .          Rampage  .   (no gloves)
Will    .....                   (no boots)
Stlth   ++........              (no amulet)
HPRegen 0.08/turn               (no ring)
MPRegen 0.08/turn               (no ring)

@: no status effects
A: (nimble swimmer 2), mertail, wild magic 1, evolution 1
a: no special abilities


You were on level 2 of the Dungeon.
You visited 1 branch of the dungeon, and saw 2 of its levels.

You collected 56 gold pieces.

Inventory:

Hand Weapons
 a - a +0 falchion (weapon)
 e - a +0 long sword
Armour
 b - a +0 robe (worn)
Potions
 c - a potion of ambrosia


   Skills:
 - Level 3.2 Fighting
 + Level 4.9 Long Blades
 - Level 4.0 Dodging
 - Level 2.1 Stealth


You had one spell level left.
You didn't know any spells.
Your spell library contained the following spells:

 Spells                   Type           Power      Damage    Failure   Level
 Summon Small Mammal      Summ           0%         N/A       47%         1
 Ensorcelled Hibernation  Hex/Ice        0%         N/A       61%         2
 Dragon's Call            Summ           0%         N/A       100%        9


Dungeon Overview and Level Annotations

Branches:
Dungeon (2/15)

Altars:


Innate Abilities, Weirdness & Mutations

((You are very nimble when in or above water. (Stealth+, EV+, Speed+++)))
Your lower body shifts to a powerful aquatic tail in water.
Your spells are a little harder to cast, but a little more powerful.
You have hidden genetic potential.


Message History

You are too injured to fight recklessly!
Unknown command.
The gnoll attacks as you move away! The gnoll hits you but does no damage.
The gnoll attacks as you move away! The gnoll barely misses you.
You aren't carrying any items that you can evoke.
Unknown command.
As you read the scroll labelled XYSOEP NEAGAPP, it crumbles to dust.
You hear a loud clanging noise!
It was a scroll of noise.
The gnoll closely misses you.
The gnoll hits you from afar with a +0 spear!
* * * LOW HITPOINT WARNING * * *
Unknown command.
As you read the scroll labelled TEX DATAIWNOSM, it crumbles to dust.
It is a scroll of identify.
f - a potion of mutation The gnoll hits you with a +0 club.
* * * LOW HITPOINT WARNING * * *
The gnoll hits you but does no damage.
Unknown command.
It was a potion of heal wounds.
You feel much better. The gnoll hits you with a +0 club!
The gnoll hits you from afar with a +0 spear!
* * * LOW HITPOINT WARNING * * *
You feel much better. The gnoll barely misses you.
The gnoll closely misses you.
Really quaff the potion of mutation?
You feel extremely strange.
You feel less in control of your magic.
You feel a hidden potential growing inside you.
The gnoll closely misses you.
The gnoll hits you from afar with a +0 spear.
The gnoll attacks as you move away! The gnoll misses you.
The gnoll attacks as you move away! The gnoll closely misses you.
The gnoll attacks as you move away! The gnoll hits you with a +0 club.
The gnoll attacks as you move away! The gnoll hits you with a +0 club.
The gnoll attacks as you move away! The gnoll hits you with a +0 club.
* * * LOW HITPOINT WARNING * * *
You aren't carrying any items that you can evoke.
The gnoll attacks as you move away! The gnoll hits you with a +0 club!
You die...

############
#.....g....#
#.#######.## #.#
#g# #g# #g# ## #.#
#g# ..# #.# #@#
#.# #.# #.# ...
#.# #.# #.# #.#
#.# #.#
#.#######.#
#.######.#.......#
.....g...#.#######
#.########.#
#........#.#


You could see 3 gnolls.

Vanquished Creatures
  A dart slug (D:1)
  An endoplasm (D:1)
  A giant cockroach (D:1)
  5 hobgoblins
  3 kobolds
  3 ball pythons
  A bat (D:1)
  A frilled lizard (D:1)
  2 rats (D:2)
18 creatures vanquished.

Notes
Turn   | Place    | Note
-------+----------+-------------------------------------------
     0 | D:1      | holysushi the Merfolk Monk began the quest for the Orb.
     0 | D:1      | Reached XP level 1. HP: 18/18 MP: 1/1
   206 | D:1      | Reached XP level 2. HP: 24/24 MP: 2/2
   212 | D:1      | Got Sif Muna's Catalogue of Summoning and Ice
   300 | D:1      | Found a faded altar of an unknown god.
  1142 | D:2      | HP: 1/24 [gnoll/+0 club (1)]
  1147 | D:2      | Gained mutation: Your spells are a little harder to cast,
                  | but a little more powerful. [potion of mutation]
  1147 | D:2      | Gained mutation: You have hidden genetic potential. [potion
                  | of mutation]
  1158 | D:2      | Slain by a gnoll

Illustrated notes

Levels and vault maps discovered:
D:1:      dpeg_arrival_lava_temple_mockup, layout_rooms,
          ebering_ecumenical_altar_ruins
D:2:      layout_basic

Skill      XL: |  1 |
---------------+----+-----
Long Blades    | 4 |  4.9
Fighting       | |  3.2
Dodging        | |  4.0
Stealth        | |  2.1

Action                   || total
-------------------------++-------
Melee: Falchion          ||    58
  Use: Potion            ||     3
       Scroll            ||     2
 Stab: Sleeping          ||     3
Armor: Robe              ||     7
Dodge: Dodged            ||    42

Table legend: (Time is in decaauts)
 A = Elapsed time spent in this place.
 B = Non-inter-level travel time spent in this place.
 C = Inter-level travel time spent in this place.
 D = Time resting spent in this place.
 E = Time spent auto-exploring this place.
 F = Levels seen in this place.
 G = Mean time per level.
                   A        B        C        D        E       F      G
               +--------+--------+--------+--------+--------+-----+--------+
         Total |   1162 |   1124 |     38 |    358 |    560 |   2 |  581.0 |
       Dungeon |   1162 |   1124 |     38 |    358 |    560 |   2 |  581.0 |
               +--------+--------+--------+--------+--------+-----+--------+

Top non-repeatable levels by time:
     D:1: 940 daAuts
     D:2: 222 daAuts
